 Dungeon Crawl Stone Soup version 0.15-a0-834-gd31242b (webtiles) character file.

191 4tharraofdagon the Ducker (level 5, -1/22 HPs)
             Began as a Felid Transmuter on May 15, 2014.
             Was an Initiate of Cheibriados.
             Slain by a sky beast (6 damage)
             ... on Level 6 of the Dungeon.
             The game lasted 00:09:07 (1568 turns).

4tharraofdagon the Ducker (Felid Transmuter)        Turns: 1568, Time: 00:09:07

HP  -1/22        AC  2     Str  7      XL: 5   Next: 42%
MP  10/12        EV 25     Int 15      God: Cheibriados [......]
Gold 168         SH  0     Dex 27      Spells:  3 memorised,  2 levels left
Lives: 0, deaths: 1

rFire  . . .     SeeInvis +       - Unarmed
rCold  . . .     Clarity  .     (armour unavailable)
rNeg   . . .     Conserve .     (shield unavailable)
rPois  x         rCorr    .     (helmet unavailable)
rElec  .         rRot     .     (cloak unavailable)
SustAb + .       Spirit   .     (gloves unavailable)
rMut   .         Warding  .     (boots unavailable)
Gourm  .         Stasis   .     (no amulet)
MR     .....                    p - ring of sustain abilities
                                o - +3 ring of dexterity

@: spider-form (expiring), slow, not resistant to hostile enchantments, fairly
stealthy
A: paw claws, no armour, no weapons or thrown items, (fangs 0), see invisible,
carnivore 3, (speed 0), (shaggy fur 0), slow metabolism 1, jump 1
a: Jump Attack, End Transformation, Bend Time, Renounce Religion


You were on level 6 of the Dungeon.
You worshipped Cheibriados.
Cheibriados was noncommittal.
You were full.
You were in spider-form.
You visited 2 branches of the dungeon, and saw 7 of its levels.

You collected 168 gold pieces.

Inventory:

Missiles
 b - 12 arrows
Magical devices
 e - a wand of paralysis (12)
Comestibles
 a - 4 meat rations
Scrolls
 c - 3 scrolls of random uselessness
 f - a scroll of fog
 h - 3 scrolls of recharging
 i - a scroll of teleportation
 j - a scroll of enchant weapon I {unknown}
 k - a scroll of immolation {unknown}
 l - a scroll of enchant armour {unknown}
 m - a scroll of identify {unknown}
Jewellery
 o - a +3 ring of dexterity (left front leg)
 p - a ring of sustain abilities (right front leg)
Potions
 g - a potion of degeneration {unknown}
 q - a potion of berserk rage {unknown}
 r - a potion of heal wounds {unknown}
 s - 2 potions of might {unknown}
Books
 d - a book of Changes

   Spells                             Type                      Level
   *Beastly Appendage                 Transmutation                1
   Sticks to Snakes                   Transmutation                2
   *Spider Form                       Transmutation/Poison         3
   Ice Form                           Ice/Transmutation            4
   Blade Hands                        Transmutation                5
 n - a book of Transfigurations

   Spells                             Type                      Level
   *Stoneskin                         Transmutation/Earth          2
   Ice Form                           Ice/Transmutation            4
   Statue Form                        Transmutation/Earth          6
   Dragon Form                        Transmutation                7


   Skills:
 + Level 2.2 Fighting
 + Level 4.1 Dodging
 + Level 3.1 Stealth
 * Level 4.0 Unarmed Combat
 + Level 2.4 Spellcasting
 + Level 3.5 Transmutations


You had 2 spell levels left.
You knew the following spells:

 Your Spells              Type           Power        Failure   Level  Hunger
a - Beastly Appendage     Trmt           ##....       17%         1    #......
b - Spider Form           Trmt/Pois      #.........   56%         3    ####...
c - Stoneskin             Trmt/Erth      #.........   36%         2    ##.....


Dungeon Overview and Level Annotations

Branches:
Dungeon (6/15)             Temple (1/1) D:5

Altars:
Ashenzari
Cheibriados
Dithmenos
Elyvilon
Fedhas
Makhleb
Okawaru
Qazlal
Xom
The Shining One

Annotations:
D:4 Edmund
D:5 Bloax's ghost, average TeTm; Menkaure


Innate Abilities, Weirdness & Mutations

You cannot wear armour.
You are incapable of wielding weapons or throwing items.
((Your paws have sharp claws.))*
((You have razor-sharp teeth.))*
You have supernaturally acute eyesight.
You are carnivorous and can eat meat at any time.
((You cover ground quickly.))*
((You are covered in fur (AC +1).))*
You have a slow metabolism.
You can jump attack at a short distance.


Message History

Casting: Spider Form
Confirm with . or Enter, or press ? or * to list all spells.
Okay, then.
Casting: Spider Form
Confirm with . or Enter, or press ? or * to list all spells.
This spell does not affect your current form.
You miss the sky beast. The sky beast completely misses you.
You hit the sky beast.
The sky beast is lightly wounded.
The sky beast hits you. The sky beast shocks you.
You closely miss the sky beast.
The sky beast is lightly wounded.
Your transformation is almost over.
The sky beast completely misses you.
You closely miss the sky beast.
The sky beast is lightly wounded.
The sky beast hits you.
* * * LOW HITPOINT WARNING * * *
The sky beast shocks you!
You die...

#......# #......#
#......# #......#
#......# #......#
#......#
#####......##############
................sY.......
.........................
........................
........................
........................
.......................
##.###################
#.# #.#


You could see a sky beast.

Vanquished Creatures
  An ogre (D:5)
  An iguana (D:6)
  A hound zombie (D:6)
  An orc zombie (D:6)
  A scorpion zombie (D:5)
  5 adders
  2 inept item mimics
  A worm (D:5)
  An ooze (D:3)
  A ball python (D:5)
  2 bats
  6 hobgoblins
  3 kobolds
  A quokka (D:6)
  A giant cockroach (D:4)
  2 giant newts
  3 goblins
  A kobold skeleton (D:6)
  4 rats
38 creatures vanquished.

Notes
Turn   | Place    | Note
--------------------------------------------------------------
     0 | D:1      | 4tharraofdagon, the Felid Transmuter, began the quest for the Orb.
     0 | D:1      | Reached XP level 1. HP: 9/9 MP: 4/4
   169 | D:2      | Reached XP level 2. HP: 6/12 MP: 3/5
   267 | D:3      | Reached skill level 1 in Stealth
   267 | D:3      | Reached XP level 3. HP: 7/15 MP: 6/8
   272 | D:3      | Learned a level 3 spell: Spider Form
   321 | D:3      | Gained mutation: Your muscles are strong. (Str +2) [potion of mutation]
   321 | D:3      | Gained mutation: You need consume almost no food. [potion of mutation]
   321 | D:3      | Gained mutation: Your body is misshapen. [potion of mutation]
   322 | D:3      | Lost mutation: Your muscles are strong. (Str +2) [potion of cure mutation]
   322 | D:3      | Lost mutation: Your body is misshapen. [potion of cure mutation]
   322 | D:3      | Lost mutation: You need consume almost no food. [potion of cure mutation]
   610 | D:4      | Found a shattered altar of Ashenzari.
   610 | D:4      | Found an iron altar of Okawaru.
   611 | D:4      | Noticed Edmund
   769 | D:5      | Entered Level 5 of the Dungeon
   774 | D:5      | Noticed Bloax's ghost (average TeTm)
   776 | D:5      | Reached XP level 4. HP: 8/19 MP: 6/10
  1015 | D:5      | Slain by Bloax's ghost
  1016 | D:5      | Reached XP level 3. HP: -1/16 MP: 0/8
  1056 | D:5      | Found a staircase to the Ecumenical Temple.
  1068 | Temple   | Entered the Ecumenical Temple
  1105 | Temple   | Became a worshipper of Cheibriados the Contemplative
  1180 | D:5      | Noticed an ogre
  1289 | D:5      | Killed an ogre
  1289 | D:5      | Reached skill level 4 in Dodging
  1289 | D:5      | Reached XP level 4. HP: 19/19 MP: 6/10
  1309 | D:5      | Learned a level 2 spell: Stoneskin
  1368 | D:5      | Noticed Menkaure
  1409 | D:6      | Reached XP level 5. HP: 18/22 MP: 8/12
  1557 | D:6      | Noticed a sky beast
  1568 | D:6      | Slain by a sky beast

Action                   |  1- 3 |  4- 6 || total
-------------------------+-------+-------++-------
Melee: Unarmed           |    72 |    57 ||   129
 Cast: Beastly Appendage |     6 |     1 ||     7
       Spider Form       |     5 |     4 ||     9
 Abil: End Transformatio |     2 |       ||     2
       Jump Attack       |     1 |     1 ||     2
Evoke: Wand              |       |     1 ||     1
  Use: Potion            |     7 |       ||     7
       Scroll            |     5 |     2 ||     7
 Stab: Sleeping          |     5 |     1 ||     6
       Distracted        |       |     1 ||     1

Vault maps used:
D:1:      dpeg_arrival_sounds_slurp, lexackson_kobold_supper
D:2:      minmay_misc_feat_encased
D:3:      old_standard_altar, lemuel_doored_altar, roderic_roman_lattice
D:4:      grunt_temple_overflow_opulence, gammafunk_temple_overflow_pools,
          uniq_edmund
D:5:      zin_purify, kennysheep_mini, temple_statues, first_bread,
          grunt_tough_drop, uniq_menkaure
D:6:      lemuel_insect_pit, serial_shops, nicolae_shop_stone
Temple:   circular_temple_pool_8
